 Dungeon Sprint DCSS version 0.31-a0-731-ga75f04deac (webtiles) character file.

Game seed: 3388996860688514169

2666 Conn the Thaumaturge (level 9, 0/52 HPs)
             Began as an Octopode Fire Elementalist on Sept 12, 2023.
             Was a Believer of Sif Muna.
             Shot with a bolt by a yaktaur (30 damage)
             ... in the Dungeon (Sprint II: "The Violet Keep of Menkaure").
             The game lasted 00:07:00 (799 turns).

Conn the Thaumaturge (Octopode Fire Elementalist)    Turns: 799, Time: 00:07:01

Health: 0/52       AC:  1    Str:  7    XL:     9   Next: 63%
Magic:  10/24      EV: 14    Int: 21    God:    Sif Muna [**....]
Gold:   913        SH:  0    Dex: 13    Spells: 16/31 levels left

rFire   + + .        c - staff of death
rCold   + . .        (no shield)
rNeg    + . .        (helmet restricted)
rPois   +            (no amulet)
rElec   +            l - ring of protection from fire
rCorr   +            (no ring)
SInv    .            (no ring)
Will    .....        (no ring)
Stlth   ++++         (no ring)
HPRegen 0.28/turn    (no ring)
MPRegen 0.19/turn    (no ring)
                     (no ring)

%: no teleportation
@: resistant
A: almost no armour, amphibious, 8 rings, camouflage 1, gelatinous body 1,
(nimble swimmer 1), tentacles
a: Renounce Religion, Channel Magic


You were in the Dungeon.
You worshipped Sif Muna.
Sif Muna was pleased with you.
You visited 1 branch You collected 913 gold pieces.

Inventory:

Armour
 n - a +0 buckler
Magical Staves
 c - a staff of death (weapon)
Jewellery
 l - a ring of protection from fire (left tentacle)
Scrolls
 e - a scroll of fear
 f - 2 scrolls of blinking
 h - a scroll of revelation
 i - a scroll of vulnerability
 o - a scroll of poison
 p - a scroll of amnesia
 q - a scroll of enchant weapon
 r - a scroll of brand weapon
Potions
 a - 5 potions of magic
 b - 3 potions of curing
 d - a potion of haste
 g - 3 potions of resistance
 j - a potion of attraction
 k - 2 potions of enlightenment
 m - a potion of heal wounds


   Skills:
 + Level 0.7 Fighting
 + Level 4.9 Dodging
 - Level 5.4 Stealth
 * Level 4.8 Shields
 * Level 11.9 Spellcasting
 * Level 7.6 Conjurations
 - Level 3.0 Hexes
 + Level 11.4 Fire Magic
 * Level 4.6 Ice Magic
 * Level 4.6 Air Magic
 * Level 5.0 Invocations


You had 16 spell levels left.
You knew the following spells:

 Your Spells              Type           Power      Damage    Failure   Level
a - Foxfire               Conj/Fire      100%       2x1d9     1%          1
b - Scorch                Fire           100%       2d9       1%          2
c - Inner Flame           Hex/Fire       42%        N/A       1%          3
d - Flame Wave            Conj/Fire      51%        2d13      1%          4
e - Freezing Cloud        Conj/Ice/Air   18%        6-21      14%         5

Your spell library contained the following spells:

 Spells                   Type           Power      Damage    Failure   Level
 Kiss of Death            Conj/Necr      100%       2d13      1%          1
 Volatile Blastmotes      Fire/Tloc      72%        2d16      1%          3
 Ignite Poison            Fire/Tmut/Pois 28%        N/A       3%          3
 Cigotuvi's Dreadful Rot  Necr/Pois/Air  56%        N/A       4%          2
 Confusing Touch          Hex            25%        N/A       4%          3
 Dispel Undead            Necr           18%        3d11      47%         4


Dungeon Overview and Level Annotations

Branches:
Dungeon (1/1)

Altars:
Cheibriados
Dithmenos
Elyvilon
Fedhas
Gozag
Hepliaklqana
Kikubaaqudgha
Makhleb
Nemelex Xobeh
Okawaru
Qazlal
Ru
Sif Muna
Trog
Uskayaw
Vehumet
Wu Jian
Xom
Yredelemnul
Zin
The Shining One
Jiyva
Lugonu

Annotations:
D exclusion: orange crystal statue


Innate Abilities, Weirdness & Mutations

You cannot wear most types of armour.
You are amphibious.
You can wear up to eight rings at the same time.
Your skin changes colour to match your surroundings (Stealth+).
Your rubbery body absorbs attacks. (AC +1, EV +1)
((You are camouflaged when in or above water. (Stealth+)))
You have tentacles for arms and can constrict up to eight enemies at once.


Message History

The flame wave engulfs the polar bear!!
You kill the polar bear!
Sif Muna accepts your kill.
You hear a sizzling sound! x2
You finish channelling waves of flame.
Your Shields skill increases to level 4!
Your Spellcasting skill increases to level 11!
Your Ice Magic skill increases to level 4!
Your Air Magic skill increases to level 4!
Unknown command.
Unknown command.
Unknown command.
Unknown command.
You see here a polar bear corpse.
Casting: Flame Wave (dangerous; 1% risk of failure)
Confirm with . or Enter, or press ? or * to list all spells.
Flames lash the polar bear.
The polar bear growls angrily.
The polar bear is heavily wounded.
The polar bear's fire resistance burns away.
Casting: Scorch (safe; 1% risk of failure)
Confirm with . or Enter, or press ? or * to list all spells.
Flames lash the polar bear.
The polar bear is burned terribly!
The polar bear is severely wounded.
The polar bear is engulfed in a cloud of scalding steam.
The polar bear goes berserk!
Casting: Scorch (safe; 1% risk of failure)
Confirm with . or Enter, or press ? or * to list all spells.
Flames lash the polar bear.
The polar bear is burned terribly!
You kill the polar bear!
Sif Muna accepts your kill.
Your Invocations skill increases to level 5!
Unknown command.
Things that are here:
a polar bear corpse; a polar bear corpse You see here a hornet corpse.
The yaktaur wields a +0 arbalest.
The yaktaur shoots a bolt.
The bolt hits you!!
Ouch! That really hurt!
You die...

+++## #})▓▓▓▓▓▓▓▓▓▓▓ ....#
#=|▓)..)....▓▓ ##..# #.
#}|▓....(...▓▓ .##.####
+.####}|▓)....(..▓▓ ..#....#
^..####▓.(..)[[)▓▓ .####..##
#..##$#▓........▓▓ ## ##..#
+..#c.#▓)[......▓▓ ## #..#
#..#..#▓..(.....▓▓ .+
+..####..##@#▓....[.[.▓▓ ##
#....###..†##▓▓▓▓▓▓▓'▓▓▓▓+▓ #
#...§§.~~~~†~~~~~§~~...≈≈≈▓
#~~.§...~#'########§###.≈≈≈▓
#~~~~~~~..~#_._.....#§§~##≈≈≈▓
#~~~~§~~~.~#._._....#~~§≈####▓▓
#~~~≈≈§~§§~~#_._._...#~§~~§##§§#
~~~~§§≈§≈~~~#._._._..#~§§§§≈#§§#
++#~≈§§§≈≈§~#_._._._.#~~§~§§'..+


You could see a yaktaur.

Vanquished Creatures
  2 deep trolls (D)
  3 polar bears (D)
  A hornet (D)
  5 water moccasins (D)
  4 necrophages (D)
  3 worms (D)
18 creatures vanquished.

Vanquished Creatures (others)
  Menkaure (D)
  44 foxfires (D)
45 creatures vanquished.

Grand Total: 63 creatures vanquished

Notes
Turn   | Place    | Note
-------+----------+-------------------------------------------
     0 | D        | Conn the Octopode Fire Elementalist began the quest for the
                  | Orb.
     0 | D        | Reached XP level 1. HP: 11/11 MP: 3/3
     1 | D        | Noticed a necrophage
     1 | D        | Noticed a necrophage
     1 | D        | Noticed a necrophage
     1 | D        | Noticed a necrophage
     7 | D        | Killed a necrophage
     8 | D        | Reached skill level 5 in Fire Magic
     8 | D        | Reached XP level 2. HP: 17/17 MP: 4/7
     8 | D        | Reached XP level 3. HP: 21/21 MP: 4/8
     8 | D        | Reached XP level 4. HP: 27/27 MP: 5/10
    11 | D        | Killed a necrophage
    12 | D        | Reached skill level 5 in Spellcasting
    12 | D        | Reached XP level 5. HP: 29/31 MP: 5/12
    22 | D        | Killed Menkaure
    28 | D        | Reached XP level 6. HP: 27/36 MP: 3/15
    32 | D        | Learned a level 2 spell: Scorch
    36 | D        | Learned a level 3 spell: Inner Flame
    41 | D        | Learned a level 4 spell: Flame Wave
    86 | D        | Noticed a flying skull
    86 | D        | Noticed a flying skull
    86 | D        | Noticed a flying skull
    86 | D        | Noticed a flying skull
    86 | D        | Noticed a flying skull
    87 | D        | Noticed a flying skull
    87 | D        | Noticed a flying skull
    90 | D        | Noticed a flying skull
    90 | D        | Noticed a flying skull
    90 | D        | Noticed a flying skull
    91 | D        | Noticed a flying skull
    91 | D        | Noticed a water moccasin
    93 | D        | Noticed a flying skull
    95 | D        | Killed a water moccasin
    96 | D        | Reached skill level 5 in Stealth
    96 | D        | Reached skill level 5 in Conjurations
   105 | D        | Found an iron altar of Okawaru.
   105 | D        | Found a radiant altar of Vehumet.
   106 | D        | Found a sparkling altar of Nemelex Xobeh.
   106 | D        | Found a hide-covered altar of Uskayaw.
   106 | D        | Found a glowing silver altar of Zin.
   107 | D        | Found an opulent altar of Gozag.
   107 | D        | Found a burning altar of Makhleb.
   107 | D        | Found a bloodstained altar of Trog.
   107 | D        | Found a basalt altar of Yredelemnul.
   108 | D        | Found a blossoming altar of Fedhas.
   108 | D        | Found a corrupted altar of Lugonu.
   108 | D        | Found a shimmering blue altar of Sif Muna.
   109 | D        | Found a white marble altar of Elyvilon.
   109 | D        | Found an ancient bone altar of Kikubaaqudgha.
   109 | D        | Noticed a water moccasin
   110 | D        | Found a shadowy altar of Dithmenos.
   110 | D        | Found a viscous altar of Jiyva.
   112 | D        | Killed a water moccasin
   113 | D        | Reached XP level 7. HP: 38/41 MP: 12/18
   113 | D        | Found a snail-covered altar of Cheibriados.
   116 | D        | Found a shimmering altar of Xom.
   116 | D        | Found a sacrificial altar of Ru.
   116 | D        | Found a hazy altar of Hepliaklqana.
   117 | D        | Found a glowing golden altar of the Shining One.
   117 | D        | Found an ornate altar of the Wu Jian Council.
   117 | D        | Found a stormy altar of Qazlal.
   123 | D        | Became a worshipper of Sif Muna the Loreminder
   138 | D        | Noticed a kraken
   289 | D        | Learned a level 5 spell: Freezing Cloud
   472 | D        | Reached skill level 1 in Shields
   472 | D        | Reached skill level 1 in Hexes
   472 | D        | Reached skill level 1 in Ice Magic
   472 | D        | Reached skill level 1 in Air Magic
   472 | D        | Reached skill level 1 in Invocations
   476 | D        | Noticed a flying skull
   480 | D        | Noticed a flying skull
   480 | D        | Noticed a flying skull
   480 | D        | Noticed a flying skull
   480 | D        | Noticed a flying skull
   480 | D        | Noticed a flying skull
   499 | D        | Reached * piety under Sif Muna
   573 | D        | Noticed a deep troll
   575 | D        | Noticed a deep troll
   589 | D        | Killed a deep troll
   590 | D        | Reached skill level 10 in Fire Magic
   590 | D        | Reached XP level 8. HP: 47/47 MP: 0/21
   600 | D        | Killed a deep troll
   601 | D        | Reached skill level 10 in Spellcasting
   601 | D        | Reached XP level 9. HP: 52/52 MP: 0/23
   745 | D        | Noticed an orange crystal statue
   776 | D        | Noticed a yaktaur
   776 | D        | Noticed a hornet
   776 | D        | Noticed a polar bear
   778 | D        | Noticed a polar bear
   778 | D        | Noticed a polar bear
   783 | D        | Killed a polar bear
   783 | D        | Reached ** piety under Sif Muna
   783 | D        | Killed a hornet
   783 | D        | Killed a polar bear
   792 | D        | Killed a polar bear
   793 | D        | Reached skill level 5 in Invocations
   799 | D        | Shot with a bolt by a yaktaur

Illustrated notes

Levels and vault maps discovered:
D:        the_violet_keep_of_menkaure [sprint2_stairs_cluster_1,
          sprint2_shoproom, sprint2_temple, sprint2_basic_supplies,
          sprint2_obstacle_5, sprint2_obstacle_4, sprint2_obstacle_1,
          sprint2_obstacle_7, sprint2_obstacle_3, sprint2_timed_cluster_1,
          sprint2_smallroom_cluster_1, sprint2_smallroom_final_cluster_1,
          sprint2_transparent_cluster_1, sprint2_second_timed_cluster_1,
          sprint2_sniper_area_1, sprint2_heavy_combat_area_1,
          sprint2_mutation_trap_area_1, sprint2_forest_area_1,
          sprint2_light_combat_area_1, sprint2_behind_water_1,
          sprint2_near_end_vault_1]

Skill      XL: |  1  2  3  4  5  6  7  8  9 |
---------------+----------------------------+-----
Dodging        | 3 4 |  4.9
Stealth        | 3 4 5 |  5.4
Spellcasting   | 4 5 6 8 9 10 11 | 11.9
Conjurations   | 3 4 5 6 7 |  7.6
Fire Magic     | 5 6 8 9 10 11 | 11.4
Shields        | 3 4 |  4.8
Hexes          | 3 |  3.0
Ice Magic      | 3 4 |  4.6
Air Magic      | 3 4 |  4.6
Invocations    | 3 4 5 |  5.0
Fighting       | |  0.7

Action                     |  1- 3 |  4- 6 |  7- 9 || total
---------------------------+-------+-------+-------++-------
  Melee: Unarmed           |     5 |    12 |       ||    17
         Constrict         |     1 |     3 |       ||     4
         Tentacles         |     1 |     2 |       ||     3
   Cast: Foxfire           |       |    11 |    12 ||    23
         Scorch            |       |     6 |    16 ||    22
         Freezing Cloud    |       |       |     1 ||     1
         Flame Wave        |       |       |     1 ||     1
    Use: Potion            |     1 |     2 |     3 ||     6
         Scroll            |       |       |     8 ||     8
 Armour: Skin              |     2 |     9 |     6 ||    17
  Dodge: Dodged            |       |    14 |     8 ||    22

Table legend: (Time is in decaauts)
 A = Elapsed time spent in this place.
 B = Non-inter-level travel time spent in this place.
 C = Inter-level travel time spent in this place.
 D = Time resting spent in this place.
 E = Time spent auto-exploring this place.
 F = Levels seen in this place.
 G = Mean time per level.
                   A        B        C        D        E       F      G
               +--------+--------+--------+--------+--------+-----+--------+
         Total |    802 |    802 |      0 |    310 |      0 |   1 |  802.0 |
       Dungeon |    802 |    802 |      0 |    310 |      0 |   1 |  802.0 |
               +--------+--------+--------+--------+--------+-----+--------+

Top non-repeatable levels by time:
       D: 802 daAuts
